[Event "Titled Tuesday Blitz July 27 2021"]
[White "Sapunov, Evgeny"]
[Black "Lazavik, Denis"]
[WhiteFideId "4126661"]
[BlackFideId "13515110"]
[WhiteElo "2470"]
[BlackElo "2436"]
[Result "0-1"]
[Round "07"]
[TimeControl "180+1"]
[Date "2021.07.27"]
[WhiteClock "0:00:12"]
[BlackClock "0:00:07"]

1. c4 c6 2. Nf3 d5 3. b3 Nf6 4. Bb2 Bf5 5. g3 e6 6. Bg2 h6 7. O-O Be7 8. d3 O-O 9. Nbd2 Bh7 10. a3 a5 11. Bc3 c5 12. cxd5 Nxd5 13. Bb2 Nc6 14. Qc2 Rc8 15. Rac1 b6 16. Qb1 Bf6 17. Rc2 Bxb2 18. Qxb2 Qe7 19. Nc4 Rb8 20. Rfc1 Rfc8 21. Nce5 Nxe5 22. Nxe5 Qf6 23. Nc4 Qxb2 24. Rxb2 f6 25. Rbc2 Kf8 26. f4 g5 27. e4 Ne7 28. e5 gxf4 29. exf6 Ng8 30. Ne5 Nxf6 31. Rf2 Kg7 32. Rxf4 Rf8 33. d4 Rbc8 34. dxc5 Rxc5 35. Rxc5 bxc5 36. Rc4 Rd8 37. Bf3 Rd2 38. Rxc5 Be4 39. Rc7+ Kg8 40. Bxe4 Nxe4 41. Rc4 Nf6 42. Rc5 Rb2 43. Rb5 Ne4 44. Rb7 Nc3 45. h4 Ne2+ 46. Kf2 Nd4+ 47. Ke3 Nc2+ 48. Ke4 a4 49. b4 Nxa3 50. Ng6 Re2+ 51. Kd4 Nc2+ 52. Kd3 Rg2 53. h5 a3 54. b5 a2 55. Ra7 a1=Q 56. Rxa1 Nxa1 57. b6 Rb2 58. Ne7+ Kf7 59. Nc8 Ke8 60. Kc3 Rb3+ 61. Kc4 Kd7 62. Na7 Rxb6 63. Kc5 Rb7 64. Nb5 Nc2 65. Nc3 Rc7+ 66. Kb5 Rxc3 0-1


[Site "https://www.chess.com"]

[Event "Titled Tuesday Blitz July 27 2021"]
[White "Sarkar, Justin"]
[Black "Kim, Sergey"]
[WhiteFideId "2010011"]
[BlackFideId "13700570"]
[WhiteElo "2072"]
[BlackElo "2545"]
[Result "0-1"]
[Round "07"]
[TimeControl "180+1"]
[Date "2021.07.27"]
[WhiteClock "0:00:03"]
[BlackClock "0:00:48"]

1. e4 e5 2. Bc4 Nf6 3. d3 Bc5 4. Nc3 Nc6 5. f4 d6 6. Nf3 Bg4 7. h3 Bxf3 8. Qxf3 Nd4 9. Qd1 c6 10. Ne2 O-O 11. Nxd4 Bxd4 12. c3 Bb6 13. fxe5 dxe5 14. Qf3 Nd7 15. Bd2 Qh4+ 16. g3 Qf6 17. Qxf6 Nxf6 18. Ke2 Nd7 19. b4 a5 20. a3 Bd8 21. Rhf1 Bf6 22. g4 h6 23. Bb3 Rfe8 24. h4 axb4 25. g5 bxc3 26. Bxc3 Nc5 27. Ba2 Rxa3 28. Bb4 Rxa2+ 29. Rxa2 Na6 30. gxf6 Nxb4 31. Rb2 c5 32. Rg1 g6 33. h5 g5 34. Rg3 Ra8 35. Ke3 Ra1 36. Rd2 Nc6 37. Rf3 Nd4 38. Rff2 Re1+ 39. Rfe2 Rxe2+ 40. Rxe2 Nxe2 41. Kxe2 Kf8 42. Kd2 Ke8 43. Kc3 Kd7 44. Kc4 Kc6 0-1


[Site "https://www.chess.com"]

[Event "Titled Tuesday Blitz July 27 2021"]
[White "Shahade, Gregory"]
[Black "Khusnutdinov, Rustam"]
[WhiteFideId "2009064"]
[BlackFideId "13701703"]
[WhiteElo "2696"]
[BlackElo "2571"]
[Result "1-0"]
[Round "07"]
[TimeControl "180+1"]
[Date "2021.07.27"]
[WhiteClock "0:00:37"]
[BlackClock "0:00:24"]

1. e4 e5 2. Nf3 Nc6 3. Bb5 a6 4. Ba4 Nf6 5. O-O b5 6. Bb3 Bc5 7. a4 Rb8 8. c3 d6 9. d4 Bb6 10. a5 Ba7 11. h3 O-O 12. Be3 exd4 13. cxd4 Nxe4 14. Qc2 Qe8 15. Nc3 Nf6 16. Rfe1 Qd7 17. Nd5 Nxd5 18. Bxd5 Nb4 19. Qb3 Nxd5 20. Qxd5 Qf5 21. Qxf5 Bxf5 22. Rac1 Rbc8 23. d5 Bxe3 24. Rxe3 Rfe8 25. Rxe8+ Rxe8 26. Rxc7 Rc8 27. Ra7 Kf8 28. Rxa6 Ke7 29. Nd4 Rc1+ 30. Kh2 Bd3 31. Rb6 b4 32. a6 Ra1 33. a7 Kf6 34. Nc6 Bc4 35. Rb8 Bxd5 36. a8=Q Rxa8 37. Rxa8 Bxc6 38. Ra6 1-0


[Site "https://www.chess.com"]

[Event "Titled Tuesday Blitz July 27 2021"]
[White "Shevtchenko, Olesya"]
[Black "Krysa, Leandro"]
[WhiteFideId "24131890"]
[BlackFideId "116807"]
[WhiteElo "2003"]
[BlackElo "2490"]
[Result "0-1"]
[Round "07"]
[TimeControl "180+1"]
[Date "2021.07.27"]
[WhiteClock "0:01:06"]
[BlackClock "0:01:09"]

1. Nf3 Nf6 2. c4 b6 3. g3 Bb7 4. Bg2 c5 5. O-O e6 6. d4 cxd4 7. Nxd4 Bxg2 8. Kxg2 Qc8 9. b3 Qb7+ 10. f3 d6 11. Nc3 a6 12. a4 Be7 13. Ba3 O-O 14. Qd2 Nc6 15. Rad1 Rfd8 16. Nc2 Rac8 17. Ne3 h6 18. h4 d5 19. Bxe7 Nxe7 20. cxd5 exd5 21. Na2 d4 22. Nc4 b5 23. axb5 axb5 24. Ne5 Nf5 25. Nb4 Ne3+ 26. Kf2 Nxf1 27. Rxf1 Qb6 28. Ned3 Qe6 29. g4 Nd5 30. Ra1 Nxb4 31. Nxb4 Qe5 32. Kg2 d3 33. Re1 dxe2 34. Qxe2 Qc3 0-1


[Site "https://www.chess.com"]

[Event "Titled Tuesday Blitz July 27 2021"]
[White "Shkapenko, Pavel"]
[Black "Onyshchuk, Volodymyr"]
[WhiteFideId "4151933"]
[BlackFideId "14114038"]
[WhiteElo "2386"]
[BlackElo "2603"]
[Result "1/2-1/2"]
[Round "07"]
[TimeControl "180+1"]
[Date "2021.07.27"]
[WhiteClock "0:00:14"]
[BlackClock "0:00:51"]

1. e4 d6 2. d4 Nf6 3. Nc3 g6 4. h3 Bg7 5. g4 O-O 6. Bg2 c5 7. dxc5 dxc5 8. Qxd8 Rxd8 9. Be3 Nc6 10. Bxc5 h5 11. g5 Nd7 12. Ba3 Bxc3+ 13. bxc3 Nde5 14. Ne2 Be6 15. Nd4 Nxd4 16. cxd4 Nc4 17. Bxe7 Rxd4 18. O-O Rc8 19. Rfd1 Nd2 20. Bf6 Rd7 21. c3 b6 22. Bd4 Nc4 23. Bf6 Nd2 24. Bd4 Nc4 25. Bf6 Rcc7 26. Rd4 Na3 27. Rad1 Nb5 28. Rxd7 Rxd7 29. Rxd7 Bxd7 30. Bf1 Nd6 31. f3 Be6 32. a3 Kf8 33. Kf2 Ke8 34. h4 Bc4 35. e5 Bxf1 36. exd6 Bc4 37. Ke3 Kd7 38. Be7 Be6 39. Kd4 Kc6 40. Ke5 Kd7 41. f4 Bc4 42. f5 Bd3 43. fxg6 fxg6 44. Kd4 1/2-1/2


[Site "https://www.chess.com"]

[Event "Titled Tuesday Blitz July 27 2021"]
[White "Shvedova, Alexandra"]
[Black "Quintiliano Pinto, Renato R."]
[WhiteFideId "54154782"]
[BlackFideId "2117568"]
[WhiteElo "1887"]
[BlackElo "2439"]
[Result "1-0"]
[Round "07"]
[TimeControl "180+1"]
[Date "2021.07.27"]
[WhiteClock "0:00:04"]
[BlackClock "0:00:10"]

1. e4 c5 2. Ne2 d6 3. g3 Nf6 4. Bg2 g6 5. c3 Bg7 6. d4 O-O 7. O-O Nbd7 8. h3 Rb8 9. Be3 b5 10. f4 Bb7 11. Nd2 Qc7 12. g4 Nb6 13. Ng3 Nfd7 14. f5 b4 15. Qe2 Na4 16. Nb1 bxc3 17. bxc3 Qb6 18. Qd2 Ba6 19. Re1 Nb2 20. Na3 Qa5 21. Nc2 Nc4 22. Qd3 Nxe3 23. Qxe3 Rb2 24. Rac1 Rxa2 25. g5 Rc8 26. h4 cxd4 27. Nxd4 Qb6 28. Rb1 Rb2 29. Rxb2 Qxb2 30. Nge2 Bxe2 31. Nxe2 Ne5 32. h5 Qb6 33. Qxb6 axb6 34. hxg6 hxg6 35. fxg6 fxg6 36. Nf4 Rxc3 37. Rb1 Rc6 38. Bf1 Nf3+ 39. Kf2 Nd2 40. Rb4 Nxf1 41. Kxf1 Bc3 42. Rb3 Be5 43. Nxg6 Kf7 44. Nxe5+ dxe5 45. Rb5 Re6 46. Kf2 Kg6 47. Kf3 Kxg5 48. Kg3 Kf6 49. Kg4 Rc6 50. Kh4 Ke6 51. Kg5 Kd6 52. Kf5 e6+ 53. Kf6 Kc7 54. Rxe5 Kb7 55. Rxe6 b5 56. e5 b4 57. Rxc6 Kxc6 58. e6 b3 59. e7 1-0


[Site "https://www.chess.com"]

[Event "Titled Tuesday Blitz July 27 2021"]
[White "Siva Mahadevan"]
[Black "Sarana, Alexey"]
[WhiteFideId "25043153"]
[BlackFideId "24133795"]
[WhiteElo "2203"]
[BlackElo "2646"]
[Result "0-1"]
[Round "07"]
[TimeControl "180+1"]
[Date "2021.07.27"]
[WhiteClock "0:00:59"]
[BlackClock "0:01:21"]

1. e4 c5 2. Nf3 d6 3. d4 cxd4 4. Nxd4 Nf6 5. Nc3 a6 6. Bg5 Nbd7 7. Qe2 h6 8. Bh4 b5 9. a4 b4 10. Nd5 Bb7 11. Qc4 Nxd5 12. exd5 Qa5 13. Nc6 Qc5 14. Qxb4 Qxb4+ 15. Nxb4 g5 16. Bg3 Bg7 17. c3 Nb6 18. O-O-O Nxa4 19. Re1 Kd7 20. Bd3 Nc5 21. Bf5+ e6 22. Bc2 a5 23. Nc6 Bxc6 24. dxc6+ Kxc6 25. h4 d5 26. f4 gxf4 27. Bxf4 a4 28. Kb1 a3 29. b4 Bxc3 30. bxc5 a2+ 0-1


[Site "https://www.chess.com"]

[Event "Titled Tuesday Blitz July 27 2021"]
[White "Slavin, Alexey"]
[Black "Hasangatin, Ramil"]
[WhiteFideId "24104388"]
[BlackFideId "4122160"]
[WhiteElo "2262"]
[BlackElo "2375"]
[Result "0-1"]
[Round "07"]
[TimeControl "180+1"]
[Date "2021.07.27"]
[WhiteClock "0:00:05"]
[BlackClock "0:01:27"]

1. e4 d5 2. Nc3 Nf6 3. e5 d4 4. exf6 dxc3 5. fxg7 cxd2+ 6. Qxd2 Qxd2+ 7. Bxd2 Bxg7 8. O-O-O Nc6 9. h4 h5 10. Nh3 Bd7 11. Nf4 Be5 12. Be2 Bxf4 13. Bxf4 O-O-O 14. Rd5 Bg4 15. Rxd8+ Kxd8 16. Bb5 Kc8 17. Re1 e6 18. f3 Bf5 19. c3 Ne7 20. Be2 Rg8 21. g3 Nd5 22. Bg5 f6 23. g4 fxg5 24. gxf5 exf5 25. hxg5 Rxg5 26. Bc4 Nf4 27. Re7 h4 28. Kd2 h3 29. Ke3 Rh5 30. Kxf4 h2 31. Re1 h1=Q 32. Rxh1 Rxh1 33. Kxf5 Kd8 34. f4 Ke7 35. Bd5 Rh5+ 36. Ke4 c6 37. Bc4 Rh2 38. b4 Rh3 39. Kd4 Rf3 40. b5 Kd6 41. bxc6 bxc6 42. Bb3 Rxf4+ 43. Kd3 Kc5 44. Ke3 Rh4 45. Kd3 Rh3+ 46. Kc2 Rg3 47. Kb2 Kb5 48. Kc2 c5 49. c4+ Kb4 50. Kb2 Rg2+ 51. Kb1 Kc3 0-1


[Site "https://www.chess.com"]

[Event "Titled Tuesday Blitz July 27 2021"]
[White "Spata, German"]
[Black "Lauridsen, Jesper Morch"]
[WhiteFideId "113026"]
[BlackFideId "1401890"]
[WhiteElo "2238"]
[BlackElo "2320"]
[Result "1-0"]
[Round "07"]
[TimeControl "180+1"]
[Date "2021.07.27"]
[WhiteClock "0:00:29"]
[BlackClock "0:00:02"]

1. d4 Nf6 2. Nc3 d5 3. Bf4 c5 4. e3 cxd4 5. exd4 a6 6. Nf3 Nc6 7. Ne5 Nxe5 8. Bxe5 e6 9. Bd3 Bb4 10. O-O Bxc3 11. bxc3 Bd7 12. Rb1 b5 13. f4 Rc8 14. f5 Rxc3 15. Qe1 Rc8 16. fxe6 Bxe6 17. Qg3 Ne4 18. Qxg7 Rf8 19. Rbe1 Qg5 20. Bxe4 Qxg7 21. Bxg7 dxe4 22. Bxf8 Kxf8 23. Rxe4 Bxa2 24. Rf2 Bb1 25. Re1 Bxc2 26. Rc1 Bf5 27. Rxc8+ Bxc8 28. Rf6 Be6 29. d5 Bxd5 30. Rxa6 Bc4 31. Ra7 Kg7 32. Rb7 Kf6 33. Kf2 Ke5 34. Ke3 Kd5 35. Rxf7 Kc5 36. Rxh7 b4 37. Kd2 b3 38. Kc3 Bd5 39. Rh5 Kc6 40. Rxd5 1-0


[Site "https://www.chess.com"]

[Event "Titled Tuesday Blitz July 27 2021"]
[White "Srihari L R"]
[Black "Demchenko, Anton"]
[WhiteFideId "46617116"]
[BlackFideId "4160258"]
[WhiteElo "2121"]
[BlackElo "2593"]
[Result "0-1"]
[Round "07"]
[TimeControl "180+1"]
[Date "2021.07.27"]
[WhiteClock "0:00:10"]
[BlackClock "0:00:13"]

1. d4 d5 2. c4 dxc4 3. Nf3 Nf6 4. e3 Bg4 5. Bxc4 e6 6. O-O Nbd7 7. h3 Bh5 8. Nbd2 Be7 9. a3 O-O 10. Qc2 c5 11. b3 Rc8 12. Qa2 a6 13. a4 cxd4 14. exd4 Nb8 15. Bb2 Nc6 16. Rac1 Nd5 17. Rfe1 Ncb4 18. Qa1 Bd6 19. Ne5 Bxe5 20. dxe5 Nf4 21. Ne4 Qh4 22. Ba3 Bf3 23. Bf1 Rxc1 24. Qxc1 Nbd3 25. Bxd3 Nxh3+ 26. Kf1 Bxe4 27. g3 Bxd3+ 28. Kg2 Qg4 29. Bxf8 Ng5 30. Qf4 Qh3+ 31. Kg1 Qh5 32. Kg2 Kxf8 33. Qb4+ Kg8 34. Qf4 h6 35. Rc1 Be4+ 36. Kf1 Qh1+ 37. Ke2 Qg2 38. Ke3 Bd5 39. Rc8+ Kh7 40. Rc7 Qh1 41. Ke2 Qb1 42. b4 Qb2+ 43. Kf1 Qb1+ 44. Ke2 Be4 45. Rc3 Qb2+ 46. Qd2 Qxb4 47. Re3 Qc4+ 48. Ke1 Nf3+ 49. Rxf3 Bxf3 50. a5 Bd5 51. Qe3 Qe4 52. Qxe4+ Bxe4 53. f3 Bc6 54. Kf2 Kg6 55. f4 Kf5 56. g4+ Kxf4 57. g5 hxg5 58. Kg1 Kxe5 59. Kh2 f6 60. Kg3 Kd6 61. Kf2 Kc5 62. Kg3 Kb5 63. Kg4 Kxa5 64. Kh5 Be8+ 65. Kg4 Kb5 66. Kg3 a5 0-1


[Site "https://www.chess.com"]

[Event "Titled Tuesday Blitz July 27 2021"]
[White "Stoyanov, Tsvetan"]
[Black "Nesterov, Arseniy"]
[WhiteFideId "2917173"]
[BlackFideId "24198455"]
[WhiteElo "2198"]
[BlackElo "2477"]
[Result "1/2-1/2"]
[Round "07"]
[TimeControl "180+1"]
[Date "2021.07.27"]
[WhiteClock "0:00:03"]
[BlackClock "0:00:03"]

1. e4 e5 2. Nf3 Nc6 3. d4 exd4 4. Nxd4 Bc5 5. Nxc6 Qf6 6. Qf3 bxc6 7. Nd2 d6 8. Nb3 Bb6 9. a4 a5 10. Bd2 Be6 11. Bc3 Qh6 12. Nd4 Ne7 13. Qg3 O-O 14. Bd3 Bxd4 15. Bxd4 f5 16. exf5 Nxf5 17. Bxf5 Rxf5 18. O-O Bd5 19. f3 Raf8 20. Rae1 Rg5 21. Be3 Rxg3 22. Bxh6 Rg6 23. Bd2 Rxf3 24. Rxf3 Bxf3 25. g3 Kf7 26. Bxa5 d5 27. Bxc7 Be4 28. a5 c5 29. c4 Rc6 30. cxd5 Bxd5 31. Be5 Re6 32. Rf1+ Kg6 33. Bc3 Re2 34. Rf2 Rxf2 35. Kxf2 Kf7 36. Ke3 g6 37. Kf4 Ke6 38. Kg5 Kf7 39. a6 Bc6 40. Kh6 Kg8 41. b3 Bd5 42. a7 Bc6 43. Be5 Bd5 44. Bd6 Bc6 45. Bxc5 Bd5 46. b4 Bc6 47. Kg5 Kf7 48. Bd4 h5 49. Be5 Bd5 50. Bc7 Bc6 51. Kf4 Ke6 52. Ke3 Kd5 53. Kf4 Ke6 54. b5 Bb7 55. Kg5 Kf7 56. Bf4 Ba8 57. Bd2 Bb7 58. Bc3 Ba8 59. Ba1 Bb7 60. Bd4 Ba8 61. Bc5 Bb7 62. Kf4 Ke6 63. Ke3 Kd5 64. Ba3 Ba8 65. Kd3 Bb7 66. Kc3 Ba8 67. Kb4 Ke6 68. Ka5 Kd7 69. Kb6 Bg2 70. Kc5 Kc8 71. Bb2 Kb7 72. Kd6 Kxa7 73. Ke6 1/2-1/2


[Site "https://www.chess.com"]

[Event "Titled Tuesday Blitz July 27 2021"]
[White "Stribuk, Artiom"]
[Black "Najdin, Danil"]
[WhiteFideId "13515659"]
[BlackFideId "4172426"]
[WhiteElo "2224"]
[BlackElo "2193"]
[Result "0-1"]
[Round "07"]
[TimeControl "180+1"]
[Date "2021.07.27"]
[WhiteClock "0:00:02"]
[BlackClock "0:00:05"]

1. d4 Nf6 2. c4 g6 3. Nf3 Bg7 4. g3 O-O 5. Bg2 d6 6. O-O Nc6 7. Nc3 a6 8. Qd3 e5 9. dxe5 dxe5 10. Qxd8 Rxd8 11. Bg5 Be6 12. Nd2 h6 13. Bxf6 Bxf6 14. Nd5 Bxd5 15. cxd5 Nb4 16. Ne4 Be7 17. Nc3 c6 18. dxc6 Nxc6 19. Nd5 f5 20. Rac1 e4 21. Rxc6 bxc6 22. Nxe7+ Kf7 23. Nxc6 Rd2 24. e3 Rc8 25. Nd4 Rxb2 26. f3 exf3 27. Bxf3 Kg7 28. g4 Rc3 29. Rf2 Rxf2 30. Kxf2 fxg4 31. Bxg4 Ra3 32. Be6 Kf6 33. Bc4 Ke5 34. Kf3 g5 35. h3 h5 36. Bb3 Kf6 37. Nc6 a5 38. Nd4 a4 39. Bc4 Rc3 40. Bd5 Ke5 41. Bf7 Rc1 42. Bxh5 a3 43. Kg3 Ra1 44. Bf7 Ke4 45. Nf3 Kxe3 46. Nxg5 Rg1+ 47. Kh4 Kf4 48. Bb3 Rxg5 49. Bc4 Rg7 50. Kh5 Rh7+ 51. Kg6 Rxh3 52. Kf6 Ke4 53. Be6 Rh2 54. Ke7 Kd4 55. Kd6 Kc3 56. Kc5 Kb2 57. Kb4 Rh1 58. Bd5 Ra1 59. Bb3 Rxa2 0-1


[Site "https://www.chess.com"]

[Event "Titled Tuesday Blitz July 27 2021"]
[White "Terry, Renato"]
[Black "Tsaruk, Maksim"]
[WhiteFideId "3803457"]
[BlackFideId "13511173"]
[WhiteElo "2581"]
[BlackElo "2184"]
[Result "1-0"]
[Round "07"]
[TimeControl "180+1"]
[Date "2021.07.27"]
[WhiteClock "0:00:27"]
[BlackClock "0:00:08"]

1. d4 Nf6 2. Bg5 d5 3. Nc3 e6 4. Qd3 Nbd7 5. e4 dxe4 6. Nxe4 Be7 7. Nxf6+ Nxf6 8. O-O-O O-O 9. Nf3 b6 10. Ne5 Bb7 11. Qh3 Ne4 12. Be3 Bg5 13. Bd3 Bxe3+ 14. Qxe3 Nf6 15. Rhg1 Qd5 16. Kb1 Rfd8 17. g4 c5 18. g5 Ne8 19. Qf4 Nd6 20. c4 Qxd4 21. Bxh7+ Kxh7 22. Rxd4 cxd4 23. Nxf7 Nxf7 24. g6+ Kh8 25. gxf7 1-0


[Site "https://www.chess.com"]

[Event "Titled Tuesday Blitz July 27 2021"]
[White "Timmermans, Mark"]
[Black "Diaz Perez, Michel Alejandro"]
[WhiteFideId "1026399"]
[BlackFideId "3517179"]
[WhiteElo "2460"]
[BlackElo "2337"]
[Result "1-0"]
[Round "07"]
[TimeControl "180+1"]
[Date "2021.07.27"]
[WhiteClock "0:00:59"]
[BlackClock "0:00:06"]

1. b4 e5 2. Bb2 Bxb4 3. Bxe5 Nf6 4. Nc3 d6 5. Bxf6 Qxf6 6. Nd5 Qd4 7. Nxc7+ Kd8 8. c3 Bxc3 9. Rc1 Ba5 10. Nxa8 Bg4 11. Qc2 Nc6 12. e3 Qd5 13. Nf3 Kd7 14. Bc4 Qh5 15. Qb3 b6 16. Bxf7 Qf5 17. Bd5 Nb4 18. Rc7+ Kd8 19. e4 Qf4 20. O-O Rf8 21. Nd4 Qxd2 22. Qxb4 Rxf2 23. Qxd6+ Ke8 24. Qe7# 1-0


[Site "https://www.chess.com"]

[Event "Titled Tuesday Blitz July 27 2021"]
[White "Todorovic, Bojan"]
[Black "Dobrowolski, Piotr"]
[WhiteFideId "917087"]
[BlackFideId "1106236"]
[WhiteElo "2266"]
[BlackElo "2304"]
[Result "0-1"]
[Round "07"]
[TimeControl "180+1"]
[Date "2021.07.27"]
[WhiteClock "0:00:48"]
[BlackClock "0:01:29"]

1. Nf3 Nf6 2. c4 g6 3. Nc3 Bg7 4. d4 d6 5. e4 O-O 6. Be2 e5 7. O-O Nc6 8. d5 Ne7 9. Nd2 a5 10. a3 Nd7 11. Rb1 Kh8 12. b4 axb4 13. axb4 c6 14. Nb3 f5 15. c5 fxe4 16. cxd6 Nxd5 17. Nxd5 cxd5 18. Qxd5 Nb6 19. Qc5 Na4 20. Qc7 Qxc7 21. dxc7 Rf7 22. Ra1 Rxc7 23. Nc5 Nb6 24. Be3 Rxa1 25. Rxa1 Bf8 26. Nxe4 Nd5 27. Bc5 Bxc5 28. bxc5 Bf5 29. f3 Bxe4 30. fxe4 Nc3 31. Ra8+ Kg7 32. Bd3 Rxc5 33. Ra7 Rc7 34. Kf2 Rf7+ 35. Ke3 b5 36. Rc7 Rxc7 0-1


[Site "https://www.chess.com"]

[Event "Titled Tuesday Blitz July 27 2021"]
[White "Tomiello, Lucas Costamilan"]
[Black "Rodchenkov, Vitaly"]
[WhiteFideId "22701940"]
[BlackFideId "4152964"]
[WhiteElo "1945"]
[BlackElo "2337"]
[Result "1-0"]
[Round "07"]
[TimeControl "180+1"]
[Date "2021.07.27"]
[WhiteClock "0:00:03"]
[BlackClock "0:00:57"]

1. e4 c5 2. Nf3 d6 3. d4 cxd4 4. Nxd4 Nf6 5. Nc3 a6 6. h3 e6 7. g4 d5 8. exd5 Nxd5 9. Nde2 Bb4 10. Bg2 O-O 11. Bd2 Bxc3 12. Nxc3 Nc6 13. Nxd5 exd5 14. O-O Be6 15. c3 d4 16. cxd4 Nxd4 17. Be3 Nc6 18. a3 Qf6 19. Qe2 Rfe8 20. Rac1 Nd4 21. Bxd4 Qxd4 22. Rfd1 Qb6 23. Re1 h6 24. b4 a5 25. Rb1 axb4 26. Rxb4 Qc5 27. Rxb7 Rxa3 28. Qb2 Rc3 29. Rb5 Qc8 30. Rbe5 Rd8 31. R5e2 Qc5 32. Rd2 Rc8 33. Rde2 Qd4 34. Qd2 Qf6 35. Qd6 h5 36. gxh5 Qh4 37. Rxe6 fxe6 38. Qxe6+ Kh8 39. Qg4 Qf6 40. Be4 Rf8 41. f3 Qb6+ 42. Kh1 Qf2 43. Rg1 Qd4 44. Qg6 Kg8 45. Bd5+ Kh8 46. Be4 Kg8 47. h6 Rc7 48. hxg7 Rxg7 49. Bd5+ Kh8 50. Qh6+ Rh7 51. Qxf8# 1-0


[Site "https://www.chess.com"]

[Event "Titled Tuesday Blitz July 27 2021"]
[White "Torkkola, Henri"]
[Black "Tologon tegin, Semetei"]
[WhiteFideId "507660"]
[BlackFideId "13800574"]
[WhiteElo "2137"]
[BlackElo "2224"]
[Result "0-1"]
[Round "07"]
[TimeControl "180+1"]
[Date "2021.07.27"]
[WhiteClock "0:00:07"]
[BlackClock "0:00:21"]

1. d4 Nf6 2. Bf4 c5 3. e3 cxd4 4. exd4 d5 5. c3 Nc6 6. Nd2 Bg4 7. Qb3 Qd7 8. Ngf3 a6 9. Bd3 e6 10. O-O Be7 11. Rfe1 O-O 12. Ne5 Nxe5 13. dxe5 Ne8 14. Re3 Bh5 15. Rae1 b5 16. Nf3 Rb8 17. a3 Nc7 18. Nd4 Bg6 19. Bxg6 fxg6 20. Bg3 a5 21. Qd1 b4 22. cxb4 axb4 23. a4 Bc5 24. b3 Na6 25. Qg4 Bxd4 26. Qxd4 Rfc8 27. h4 Nc5 28. h5 gxh5 29. Qh4 Qf7 30. Rf3 Qg6 31. Bf4 Ne4 32. Rh3 Rc2 33. Be3 Rc3 34. Rb1 Nxf2 35. Qxf2 Qxb1+ 36. Kh2 Qe4 37. Rf3 Rxb3 38. Bc5 Rxf3 39. gxf3 Qxe5+ 40. f4 Qe4 41. Bd6 Rd8 42. Be5 b3 43. Qb6 Rf8 44. Qc7 Qc2+ 0-1


[Site "https://www.chess.com"]

[Event "Titled Tuesday Blitz July 27 2021"]
[White "Ulko, Jaroslav"]
[Black "Ozates, Tuna"]
[WhiteFideId "4116658"]
[BlackFideId "6354521"]
[WhiteElo "2663"]
[BlackElo "2509"]
[Result "1-0"]
[Round "07"]
[TimeControl "180+1"]
[Date "2021.07.27"]
[WhiteClock "0:00:21"]
[BlackClock "0:00:31"]

1. d4 Nf6 2. c4 e6 3. Nc3 Bb4 4. Bg5 d5 5. e3 h6 6. Bh4 Nbd7 7. cxd5 exd5 8. Bd3 c6 9. Ne2 O-O 10. O-O Re8 11. Qc2 Nf8 12. a3 Be7 13. b4 b6 14. Rab1 Bd7 15. Rfc1 Ne6 16. b5 c5 17. Bxf6 Bxf6 18. Nxd5 cxd4 19. e4 Rc8 20. Qd1 Nc5 21. Ng3 Bg4 22. Qxg4 Nxd3 23. Rxc8 Qxc8 24. Nxf6+ Kh8 25. Nf5 g6 26. Qh3 h5 27. Qxd3 1-0


[Site "https://www.chess.com"]

[Event "Titled Tuesday Blitz July 27 2021"]
[White "Urazayev, Arystanbek"]
[Black "Chernobay, Artem"]
[WhiteFideId "13709810"]
[BlackFideId "4167406"]
[WhiteElo "2795"]
[BlackElo "2571"]
[Result "1-0"]
[Round "07"]
[TimeControl "180+1"]
[Date "2021.07.27"]
[WhiteClock "0:00:25"]
[BlackClock "0:00:15"]

1. d4 Nf6 2. c4 g6 3. Nc3 Bg7 4. e4 d6 5. Be2 O-O 6. h4 c5 7. d5 e6 8. h5 exd5 9. exd5 a6 10. h6 Bh8 11. Bg5 Nbd7 12. Nf3 Qc7 13. O-O Ng4 14. Qd2 Nde5 15. Nxe5 Nxe5 16. f4 Ng4 17. Bxg4 Bxg4 18. f5 Bd4+ 19. Be3 Bxe3+ 20. Qxe3 Rae8 21. Qg5 Qe7 22. Qxg4 Qe3+ 23. Rf2 Re5 24. Qh3 Qd4 25. Rd1 Qxc4 26. fxg6 hxg6 27. h7+ Kg7 28. Rxf7+ Kxf7 29. h8=Q Rxh8 30. Qxh8 Rf5 31. Qh7+ Kf6 32. Qh8+ Kf7 33. Re1 b5 34. Qh7+ Kf8 35. Qe7+ Kg8 36. Qe8+ Kg7 37. Re7+ Kh6 38. Qh8+ Kg5 39. Ne4+ Kg4 40. Qh3+ 1-0


[Site "https://www.chess.com"]

[Event "Titled Tuesday Blitz July 27 2021"]
[White "Vasquez Schroeder, Rodrigo"]
[Black "Dushyant Sharma"]
[WhiteFideId "3400042"]
[BlackFideId "25065130"]
[WhiteElo "2779"]
[BlackElo "2570"]
[Result "1-0"]
[Round "07"]
[TimeControl "180+1"]
[Date "2021.07.27"]
[WhiteClock "0:01:41"]
[BlackClock "0:01:33"]

1. e4 d5 2. exd5 Nf6 3. d4 Bg4 4. Be2 Bxe2 5. Qxe2 Qxd5 6. Nf3 e6 7. c4 Qh5 8. O-O Nbd7 9. Nc3 Bd6 10. c5 Be7 11. Bf4 Nd5 12. Nxd5 Qxd5 13. Bxc7 O-O 14. Rfd1 Bf6 15. b4 a5 16. b5 a4 17. Rac1 Rfc8 18. Be5 h6 19. h3 Ra5 20. Rb1 a3 21. Rb3 Rca8 22. c6 bxc6 23. b6 Qxb3 24. axb3 a2 25. Ra1 Bxe5 26. Nxe5 Nxb6 27. Nxc6 Ra3 28. Qc2 Nd5 29. g3 g6 30. Qc4 Kg7 31. Nb4 Nf6 32. Qc2 Rb8 33. Rxa2 1-0


[Site "https://www.chess.com"]

[Event "Titled Tuesday Blitz July 27 2021"]
[White "Vlassov, Nikolai"]
[Black "Sihite, Chelsie Monica Ignesias"]
[WhiteFideId "4103360"]
[BlackFideId "7101198"]
[WhiteElo "2407"]
[BlackElo "2224"]
[Result "1-0"]
[Round "07"]
[TimeControl "180+1"]
[Date "2021.07.27"]
[WhiteClock "0:00:53"]
[BlackClock "0:00:16"]

1. e4 b6 2. d4 Bb7 3. Bd3 g6 4. h4 Bg7 5. c3 h5 6. Nf3 Nc6 7. Bf4 d6 8. Nbd2 e5 9. Bg5 Nge7 10. d5 Nb8 11. a4 a5 12. b4 f6 13. Be3 Nd7 14. Nc4 Kf7 15. bxa5 bxa5 16. Qe2 Nc8 17. O-O Ndb6 18. Rab1 Nxc4 19. Bxc4 Nb6 20. Bxb6 cxb6 21. Qe3 Ba6 22. Bxa6 Rxa6 23. Rb5 Qc7 24. Rfb1 Rb8 25. Nd2 Bf8 26. Qd3 Rc8 27. R1b3 Bh6 28. Nf1 Qc4 29. Qh3 Qc7 30. Qe6+ Kg7 31. g4 hxg4 32. Qxg4 Bf4 33. h5 Bg5 34. hxg6 Kxg6 35. Ng3 Rh8 36. Kg2 Kg7 37. Qe6 Kg6 38. Nf5 Qh7 39. Ng3 Qh3+ 40. Qxh3 Rh6 1-0


[Site "https://www.chess.com"]

[Event "Titled Tuesday Blitz July 27 2021"]
[White "Wiewiora, Eneasz"]
[Black "Chernomordik, Pavel"]
[WhiteFideId "1140396"]
[BlackFideId "2804530"]
[WhiteElo "2312"]
[BlackElo "2273"]
[Result "1-0"]
[Round "07"]
[TimeControl "180+1"]
[Date "2021.07.27"]
[WhiteClock "0:00:05"]
[BlackClock "0:00:08"]

1. e4 g6 2. d4 Bg7 3. Nc3 d6 4. f4 a6 5. Nf3 b5 6. Bd3 Nd7 7. O-O c5 8. Be3 Ngf6 9. h3 c4 10. Be2 b4 11. Nd5 Nxd5 12. exd5 Nb6 13. Qd2 a5 14. a3 Qc7 15. axb4 Nxd5 16. Rxa5 Rxa5 17. bxa5 Nxe3 18. Qxe3 O-O 19. Ra1 Bf5 20. c3 Ra8 21. Nd2 d5 22. a6 Bh6 23. g3 Bxh3 24. Bf3 Be6 25. Qe5 Qc6 26. a7 Bg7 27. Qb8+ Bf8 28. Qxa8 Qxa8 29. Nxc4 g5 30. Nb6 Qb7 31. Nxd5 Bxd5 32. Bxd5 Qxd5 33. a8=Q Qf5 34. Qf3 e6 35. Rf1 g4 36. Qe2 h5 37. Kg2 Qd5+ 38. Kh2 Bd6 39. Qg2 Qb5 40. Rf2 Kg7 41. Qe4 Qb8 42. Kg2 Qe8 43. f5 e5 44. f6+ Kh6 45. Rf5 Qb8 46. Qe3+ Kh7 47. Rxh5+ Kg8 48. Rh8+ Kxh8 49. Qh6+ Kg8 50. Qg7# 1-0


[Site "https://www.chess.com"]